[Event "Titled Tuesday Blitz May 30 Early 2023"]
[White "Nepomniachtchi, Ian"]
[Black "Oleksiyenko, Mykhaylo"]
[WhiteFideId "4168119"]
[BlackFideId "4152417"]
[WhiteElo "2781"]
[BlackElo "2551"]
[Result "1-0"]
[Round "03"]
[TimeControl "180+2"]
[Date "2023.05.30"]
[WhiteClock "0:01:28"]
[BlackClock "0:00:00"]

1. e4 e5 2. f4 d5 3. exd5 c6 4. Ne2 e4 5. d3 exd3 6. Qxd3 Qxd5 7. Qxd5 cxd5 8. Nbc3 Nf6 9. Be3 Nc6 10. Nb5 Bb4+ 11. c3 Ba5 12. Nd6+ Ke7 13. Bc5 Ke6 14. f5+ Kd7 15. Nxf7 Re8 16. Nd6 Rd8 17. O-O-O Bb6 18. Ba3 Be3+ 19. Kb1 Ne5 20. h3 Kc7 21. Nb5+ Kb6 22. Ned4 Ne4 23. Re1 Bf2 24. Rxe4 dxe4 25. Bd6 Bxd4 26. Bc7+ Kc6 27. cxd4 Rxd4 28. Bxe5 Rd1+ 29. Kc2 Ra1 30. Nc3 Kb6 31. Na4+ Ka5 32. b4+ Kxa4 33. Bxa1 1-0


[Site "https://www.chess.com"]

[Event "Titled Tuesday Blitz May 30 Early 2023"]
[White "Levitskiy, Andrey"]
[Black "Bluebaum, Matthias"]
[WhiteFideId "14132885"]
[BlackFideId "24651516"]
[WhiteElo "2347"]
[BlackElo "2639"]
[Result "0-1"]
[Round "03"]
[TimeControl "180+2"]
[Date "2023.05.30"]
[WhiteClock "0:00:00"]
[BlackClock "0:01:41"]

1. e4 e6 2. d4 d5 3. Bd3 dxe4 4. Bxe4 Nf6 5. Bf3 c5 6. Ne2 Be7 7. O-O O-O 8. Be3 Nc6 9. Nbc3 cxd4 10. Nxd4 Ne5 11. Qe2 Nxf3+ 12. Qxf3 a6 13. Rad1 Qc7 14. Rfe1 Bd7 15. Bf4 Qb6 16. Nb3 Rfd8 17. h3 Bc6 18. Qg3 Nh5 19. Bc7 Qb4 20. Qg4 Rxd1 21. Rxd1 Qxg4 22. hxg4 Nf6 23. f3 Rc8 24. Bb6 Nd5 25. Nxd5 Bxd5 26. c3 Rc6 27. Be3 b6 28. Kf2 h6 29. Rc1 Bd8 30. Nd4 Rc8 31. b3 b5 32. Ne2 Be7 33. Nf4 Bb7 34. Nd3 Bf6 35. Bd4 Bg5 36. Rd1 Rd8 37. Nc5 Bc8 38. Ne4 e5 0-1


[Site "https://www.chess.com"]

[Event "Titled Tuesday Blitz May 30 Early 2023"]
[White "Martinez Alcantara, Jose Eduardo"]
[Black "Bolourchifard, Farzad"]
[WhiteFideId "3805662"]
[BlackFideId "12510084"]
[WhiteElo "2711"]
[BlackElo "2317"]
[Result "1-0"]
[Round "03"]
[TimeControl "180+2"]
[Date "2023.05.30"]
[WhiteClock "0:00:30"]
[BlackClock "0:00:00"]

1. e4 e5 2. Nf3 Nc6 3. Bb5 a6 4. Ba4 Nf6 5. d3 b5 6. Bb3 Bc5 7. c3 d6 8. Bg5 h6 9. Bh4 Bb6 10. Nbd2 g5 11. Bg3 Bg4 12. h3 Bh5 13. a4 Rb8 14. axb5 axb5 15. Qe2 Bg6 16. Nf1 Nh5 17. Ne3 Nf4 18. Bxf4 gxf4 19. Nd5 Bc5 20. g3 fxg3 21. fxg3 O-O 22. Nh4 Qg5 23. Qg4 Kg7 24. Qxg5 hxg5 25. Nf3 b4 26. Ba4 Nd8 27. Kd2 bxc3+ 28. bxc3 Ne6 29. Ne7 Rb2+ 30. Bc2 Rfb8 31. Rab1 Rxb1 32. Bxb1 Rb2+ 33. Bc2 Kf6 34. Nd5+ Kg7 35. Ra1 Bh5 36. Ne1 Bf2 37. g4 Bg6 38. Ng2 Nf4 39. Nge3 Nxh3 40. Nc4 Nf4 41. Nxb2 1-0


[Site "https://www.chess.com"]

[Event "Titled Tuesday Blitz May 30 Early 2023"]
[White "Pranav, V"]
[Black "Makaraci, Tunahan"]
[WhiteFideId "25060783"]
[BlackFideId "6356559"]
[WhiteElo "2515"]
[BlackElo "2160"]
[Result "1-0"]
[Round "03"]
[TimeControl "180+2"]
[Date "2023.05.30"]
[WhiteClock "0:00:04"]
[BlackClock "0:00:00"]

1. c4 e6 2. Nf3 d5 3. d4 c5 4. cxd5 exd5 5. Nc3 Nf6 6. Bg5 Be6 7. e3 c4 8. Be2 Bb4 9. O-O Nbd7 10. Ne5 Qa5 11. Nxd7 Nxd7 12. Qc2 h6 13. Bh4 O-O 14. a3 Bd6 15. Rae1 f5 16. f4 Nf6 17. Bxf6 Rxf6 18. Bf3 Rd8 19. Rb1 Bf8 20. b3 b5 21. bxc4 bxc4 22. Rb5 Qxa3 23. Bxd5 Bb4 24. Bxe6+ Rxe6 25. Nd1 c3 26. Rxf5 Rde8 27. Re5 Rxe5 28. fxe5 a5 29. Qd3 Qb3 30. h4 a4 31. Nf2 c2 32. Qg6 Rf8 33. Rc1 Qxe3 34. Rxc2 Be1 35. Kh2 Bxf2 36. Rc7 Bg1+ 37. Kh1 1-0


[Site "https://www.chess.com"]

[Event "Titled Tuesday Blitz May 30 Early 2023"]
[White "Agibileg, Uurtsaikh"]
[Black "Narayanan.S.L"]
[WhiteFideId "4901606"]
[BlackFideId "5058422"]
[WhiteElo "2353"]
[BlackElo "2563"]
[Result "0-1"]
[Round "03"]
[TimeControl "180+2"]
[Date "2023.05.30"]
[WhiteClock "0:00:05"]
[BlackClock "0:00:13"]

1. d4 Nf6 2. c4 g6 3. Nc3 Bg7 4. e4 d6 5. Be2 O-O 6. Nf3 Nc6 7. O-O Bg4 8. Be3 e5 9. d5 Bxf3 10. Bxf3 Nd4 11. Bxd4 exd4 12. Qxd4 Nd7 13. Qd2 c6 14. Be2 Nc5 15. f3 Qb6 16. Kh1 a5 17. Rab1 a4 18. dxc6 bxc6 19. Qxd6 Rfd8 20. Qg3 Qa5 21. Qe1 Rab8 22. e5 Bxe5 23. f4 Bg7 24. f5 Rxb2 25. Rxb2 Bxc3 26. Qf2 Bxb2 27. fxg6 fxg6 28. Qf7+ Kh8 29. Qe7 Bg7 30. h4 Qd2 31. Rf7 Ne6 32. Qxe6 Qe1+ 33. Kh2 Qxh4+ 34. Qh3 Be5+ 35. g3 Bxg3+ 36. Kg2 Qxh3+ 37. Kxh3 Be5 38. Ra7 Rd2 39. Bf3 h5 40. Bxc6 Rh2# 0-1


[Site "https://www.chess.com"]

[Event "Titled Tuesday Blitz May 30 Early 2023"]
[White "NikaVolkov"]
[Black "Hakobyan, Aram"]
[BlackFideId "13306677"]
[WhiteElo "2621"]
[BlackElo "2584"]
[Result "1/2-1/2"]
[Round "03"]
[TimeControl "180+2"]
[Date "2023.05.30"]
[WhiteClock "0:00:09"]
[BlackClock "0:00:04"]

1. d4 Nf6 2. Nf3 e6 3. e3 b6 4. c4 Bb7 5. Bd3 Bb4+ 6. Bd2 c5 7. Bxb4 cxb4 8. Nbd2 O-O 9. e4 d6 10. O-O Nbd7 11. e5 dxe5 12. dxe5 Ng4 13. Qe2 Ngxe5 14. Nxe5 Nxe5 15. Bc2 Ng6 16. Be4 Qc7 17. Rad1 Rad8 18. Bxb7 Qxb7 19. Ne4 a5 20. Qf3 Qc7 21. b3 Qf4 22. Qe2 Qe5 23. Qf3 Qb2 24. Qe3 Rxd1 25. Rxd1 Qxa2 26. g3 h6 27. Rd6 a4 28. bxa4 Ne5 29. Nd2 Nxc4 30. Nxc4 Qxc4 31. Qxb6 Ra8 32. Rc6 Qe4 33. Qb7 Qe1+ 34. Kg2 Rxa4 35. Rc8+ Kh7 36. Qxf7 Qe4+ 37. f3 Qe2+ 38. Kh3 Qf1+ 39. Kh4 b3+ 40. f4 Rxf4+ 41. gxf4 Qf2+ 42. Kg4 Qg2+ 43. Kh4 Qxh2+ 44. Kg4 Qg2+ 45. Kh4 Qh2+ 46. Kg4 Qg2+ 47. Kh4 Qh2+ 1/2-1/2


[Site "https://www.chess.com"]

[Event "Titled Tuesday Blitz May 30 Early 2023"]
[White "MKlose11"]
[Black "Pranesh M"]
[BlackFideId "35028600"]
[WhiteElo "2620"]
[BlackElo "2437"]
[Result "0-1"]
[Round "03"]
[TimeControl "180+2"]
[Date "2023.05.30"]
[WhiteClock "0:01:16"]
[BlackClock "0:02:02"]

1. e4 c5 2. Nc3 Nc6 3. g3 g6 4. Bg2 Bg7 5. d3 d6 6. f4 h5 7. h3 Nh6 8. Nf3 O-O 9. O-O Nd4 10. Be3 Bd7 11. Qd2 Nxf3+ 12. Rxf3 Kh7 13. Raf1 e6 14. R3f2 Bc6 15. Bf3 f5 16. d4 fxe4 17. Nxe4 Bxe4 18. Bxe4 d5 19. Bg2 Nf5 20. dxc5 d4 21. Bxd4 Bxd4 22. Bxb7 Rb8 23. Be4 Nxg3 0-1


[Site "https://www.chess.com"]

[Event "Titled Tuesday Blitz May 30 Early 2023"]
[White "Miranda, Rafael"]
[Black "Zhigalko, Sergei"]
[WhiteFideId "130990"]
[BlackFideId "13502956"]
[WhiteElo "2204"]
[BlackElo "2626"]
[Result "1-0"]
[Round "03"]
[TimeControl "180+2"]
[Date "2023.05.30"]
[WhiteClock "0:00:24"]
[BlackClock "0:00:09"]

1. e4 c5 2. Nf3 Nc6 3. d4 cxd4 4. Nxd4 Nf6 5. Nc3 e5 6. Ndb5 d6 7. Bg5 a6 8. Na3 b5 9. Nd5 Be7 10. Bxf6 Bxf6 11. c4 b4 12. Nc2 O-O 13. g3 a5 14. Bg2 Bg5 15. O-O Ne7 16. b3 Kh8 17. Qd3 Nxd5 18. Qxd5 Be6 19. Qd3 Qb6 20. Rad1 Rfd8 21. h4 Bh6 22. Kh2 a4 23. Bh3 axb3 24. axb3 Ra2 25. Bxe6 fxe6 26. Kg2 Rf8 27. Rde1 g5 28. hxg5 Bxg5 29. Re2 Kg7 30. Rd1 Be7 31. Rdd2 Qb7 32. Ne3 Ra1 33. c5 dxc5 34. Nc4 Rd8 35. Qf3 Rd4 36. Nxe5 Bf6 37. Qg4+ Kf8 38. Qxe6 Ra6 39. Nd7+ Kg7 40. Qg4+ Kf7 41. Nxc5 Qb5 42. Nxa6 Rxd2 43. Rxd2 Qxa6 44. Rd7+ Be7 45. Qf5+ Qf6 46. Rxe7+ Kxe7 47. Qxf6+ Kxf6 48. f4 Ke6 49. Kf3 Kd6 50. g4 Kc5 51. Ke3 Kb5 52. e5 h5 53. Ke4 h4 54. Kf3 h3 55. Kg3 h2 56. Kxh2 Kc5 57. e6 Kd4 58. e7 Kc3 59. e8=Q Kxb3 60. Qb8 Ka2 61. Qxb4 Ka1 62. f5 Ka2 63. f6 1-0


[Site "https://www.chess.com"]

[Event "Titled Tuesday Blitz May 30 Early 2023"]
[White "iHateNAJDORF"]
[Black "Steinberg, Nitzan"]
[BlackFideId "2801795"]
[WhiteElo "2600"]
[BlackElo "2486"]
[Result "0-1"]
[Round "03"]
[TimeControl "180+2"]
[Date "2023.05.30"]
[WhiteClock "0:00:00"]
[BlackClock "0:00:06"]

1. c4 Nf6 2. Nc3 g6 3. e4 d6 4. d4 Bg7 5. h3 O-O 6. Be3 e5 7. d5 c6 8. g4 cxd5 9. cxd5 Nbd7 10. Nge2 h5 11. f3 Nc5 12. b4 Ncd7 13. Nb5 Nb6 14. Rc1 Bd7 15. Nec3 Bxb5 16. Bxb5 Nh7 17. Kf2 Kh8 18. Bd3 Bf6 19. Kg2 Bg5 20. Bxg5 Qxg5 21. Nb5 Qf6 22. a4 h4 23. a5 Nc8 24. Qd2 a6 25. Na3 Ne7 26. Rc7 Rab8 27. Rhc1 g5 28. Nc2 Rfc8 29. Ne3 Nf8 30. Bf1 Nfg6 31. Qf2 Qf4 32. R1c3 Rxc7 33. Rxc7 Rc8 34. Rxb7 Rc3 35. Nd1 Ra3 36. Rc7 Qf6 37. Rc3 Ra1 38. Ne3 Nf4+ 39. Kh2 Kh7 40. Bxa6 Nfg6 41. Nf5 Nxf5 42. exf5 Nf4 43. Re3 e4 44. Rxe4 Rb1 45. Bf1 Qa1 46. Kg1 Nxh3+ 47. Kg2 Nxf2 48. Bb5 Rg1+ 49. Kxf2 h3 50. f6 Rg2+ 51. Ke3 Qc3+ 52. Bd3 Rd2 0-1


[Site "https://www.chess.com"]

[Event "Titled Tuesday Blitz May 30 Early 2023"]
[White "Kleiman, Jake"]
[Black "Galchenko, Matvey"]
[WhiteFideId "2020041"]
[BlackFideId "24175480"]
[WhiteElo "2600"]
[BlackElo "2423"]
[Result "1/2-1/2"]
[Round "03"]
[TimeControl "180+2"]
[Date "2023.05.30"]
[WhiteClock "0:00:10"]
[BlackClock "0:00:04"]

1. e4 c5 2. c3 Nf6 3. e5 Nd5 4. Bc4 Nb6 5. Bb3 d6 6. exd6 Qxd6 7. Nf3 c4 8. Bc2 Bg4 9. O-O Nc6 10. Qe2 e6 11. Na3 Qc5 12. b3 cxb3 13. axb3 Be7 14. h3 Bh5 15. Bb2 O-O 16. d4 Qd6 17. Nc4 Qf4 18. Nxb6 axb6 19. Be4 Bd6 20. g3 Qf6 21. Qe3 e5 22. Bxc6 exd4 23. Nxd4 bxc6 24. Rfe1 h6 25. Nxc6 Bc5 26. Nd4 Rad8 27. Qe5 Qxe5 28. Rxe5 Bg6 29. Ba3 Ra8 30. Bb2 Rxa1+ 31. Bxa1 Ra8 32. Bb2 Ra2 33. Re2 Bd3 34. Rd2 Be4 35. Kh2 Ba3 36. Bc1 Ra1 37. Re2 Bb7 38. Re8+ Kh7 39. Rb8 Bd5 40. Rd8 Be4 41. f3 Bb7 42. Bxa3 Ra2+ 43. Kg1 Rxa3 44. Kf2 Ra2+ 45. Ke3 Rh2 46. h4 Rh3 47. g4 Rxh4 48. Rd7 Ba6 49. Rxf7 Rh2 50. Nf5 Rb2 51. Rxg7+ Kh8 52. b4 Rc2 53. Kd4 Rd2+ 54. Ke5 Bd3 55. Kf6 Bxf5 56. Rb7 Bh7 57. Rb8+ Bg8 58. Rxb6 Rd3 59. f4 Rxc3 60. Kg6 Rc4 61. Rf6 Rxb4 62. Kxh6 Rb2 63. Kg5 Rb5+ 64. f5 Kg7 65. Rg6+ Kf7 66. Rh6 Rb4 67. Rf6+ Kg7 68. Ra6 Bf7 69. Ra7 Kg8 70. Rc7 Bd5 71. Rd7 Bf3 72. Kf6 Rxg4 73. Rd8+ Kh7 74. Rd3 Be4 75. Rd4 Rf4 76. Ke5 Rxf5+ 77. Kxe4 Rh5 78. Rd7+ Kg6 79. Rd6+ Kf7 80. Rd5 Rxd5 81. Kxd5 1/2-1/2


[Site "https://www.chess.com"]

[Event "Titled Tuesday Blitz May 30 Early 2023"]
[White "Mathieu, Phileas"]
[Black "Makarian, Rudik"]
[WhiteFideId "36048410"]
[BlackFideId "44105681"]
[WhiteElo "2241"]
[BlackElo "2461"]
[Result "0-1"]
[Round "03"]
[TimeControl "180+2"]
[Date "2023.05.30"]
[WhiteClock "0:00:16"]
[BlackClock "0:01:29"]

1. c4 Nf6 2. Nc3 g6 3. g3 Bg7 4. Bg2 c5 5. Nf3 Nc6 6. O-O h5 7. h4 d6 8. d3 Ng4 9. e4 O-O 10. Nh2 Nxh2 11. Kxh2 Rb8 12. Bg5 Nd4 13. Qd2 b5 14. b3 Re8 15. Rae1 a5 16. Be3 b4 17. Ne2 Nxe2 18. Qxe2 a4 19. f4 Bg4 20. Bf3 Bxf3 21. Qxf3 axb3 22. axb3 e6 23. f5 exf5 24. exf5 Qd7 25. Qd5 Re5 26. Qf3 Rxf5 27. Qg2 Rxf1 28. Qxf1 Re8 29. Bf4 Re6 30. Re2 Qe8 31. Ra2 Bd4 32. Qg2 Kg7 33. Ra8 Qe7 34. Ra2 Re1 35. Bg5 Qe6 36. Bd2 Bg1+ 37. Kh1 Rd1 0-1


[Site "https://www.chess.com"]

[Event "Titled Tuesday Blitz May 30 Early 2023"]
[White "Pichot, Alan"]
[Black "Ambartsumova, Karina"]
[WhiteFideId "110973"]
[BlackFideId "4166299"]
[WhiteElo "2573"]
[BlackElo "2240"]
[Result "1-0"]
[Round "03"]
[TimeControl "180+2"]
[Date "2023.05.30"]
[WhiteClock "0:00:14"]
[BlackClock "0:00:04"]

1. d4 Nf6 2. Nf3 g6 3. c3 Bg7 4. Bf4 O-O 5. h3 d5 6. e3 c5 7. Nbd2 Qb6 8. Qb3 Nc6 9. Be2 Re8 10. O-O c4 11. Qc2 Bf5 12. Qc1 Ne4 13. Nxe4 Bxe4 14. Nd2 Bf5 15. b3 cxb3 16. Nxb3 e5 17. dxe5 Nxe5 18. Nd4 Nd3 19. Bxd3 Bxd3 20. Rd1 Bc4 21. Rb1 Qa6 22. Rd2 Rac8 23. Rdb2 b6 24. Qd2 Qa3 25. Rc2 Qc5 26. a4 Qa3 27. Nb5 Bxb5 28. axb5 Bxc3 29. Qxd5 Bg7 30. Ra2 Qe7 31. Ra4 Red8 32. Qa2 Rd7 33. Rc4 Rxc4 34. Qxc4 Qd8 35. Kh2 h5 36. Rc1 Rd1 37. Qc8 Qxc8 38. Rxc8+ Kh7 39. Rc7 Kg8 40. Rxa7 Rb1 41. Ra8+ Kh7 42. Rb8 Rxb5 43. Bc7 Be5+ 44. Bxe5 Rxe5 45. Rxb6 Kg7 46. Kg3 Rf5 47. f4 Rd5 48. Kf3 Rd2 49. Rb3 Rc2 50. e4 Ra2 51. Re3 h4 52. Re2 Ra5 53. Kg4 Rh5 54. e5 Rh8 55. Ra2 Rh5 56. Ra7 Kg8 57. Ra8+ Kg7 58. Rb8 Rh6 59. Rb7 Kg8 60. e6 fxe6 61. Kg5 Rh7 62. Rxh7 Kxh7 63. Kxh4 Kh6 64. Kg4 Kh7 65. Kg5 Kg7 66. g4 Kf7 67. Kh6 Kf6 68. h4 Kf7 69. g5 e5 70. fxe5 Ke6 71. Kxg6 1-0


[Site "https://www.chess.com"]

[Event "Titled Tuesday Blitz May 30 Early 2023"]
[White "Ismagilov, Damir"]
[Black "Asis Gargatagli, Hipolito"]
[WhiteFideId "34199982"]
[BlackFideId "2260735"]
[WhiteElo "2143"]
[BlackElo "2557"]
[Result "0-1"]
[Round "03"]
[TimeControl "180+2"]
[Date "2023.05.30"]
[WhiteClock "0:00:03"]
[BlackClock "0:00:46"]

1. d4 f6 2. c4 e5 3. d5 Bc5 4. Nc3 d6 5. e4 Ne7 6. Bd3 a6 7. Nge2 O-O 8. O-O f5 9. Be3 f4 10. Bxc5 dxc5 11. f3 Ng6 12. a3 a5 13. b4 Na6 14. b5 Nb8 15. b6 cxb6 16. Rb1 Ra6 17. Bc2 Qg5 18. Rf2 Nh4 19. Kh1 Rf6 20. Ba4 Nd7 21. Bb5 Ra8 22. Na4 Nf8 23. d6 Be6 24. Nxb6 Rd8 25. Nd5 Rh6 26. Ne7+ Kh8 27. Qd2 Qh5 28. Rd1 Nf5 29. h3 Rxd6 30. Nxf5 Rxd2 31. Rxd2 Bxf5 32. Rd8 Rf6 33. exf5 Qh4 34. Kg1 Rxf5 35. Nc3 Qxd8 36. Ne4 Ne6 37. Rd2 Nd4 38. Kh1 b6 39. Bc6 Nxc6 40. Nd6 Rf6 41. Nf7+ Rxf7 42. Rxd8+ Nxd8 43. Kg1 Rd7 44. Kf2 Rd3 45. Ke2 Rxa3 0-1


[Site "https://www.chess.com"]

[Event "Titled Tuesday Blitz May 30 Early 2023"]
[White "Petrosyan, Manuel"]
[Black "Bartel, Michal"]
[WhiteFideId "13300857"]
[BlackFideId "1119257"]
[WhiteElo "2576"]
[BlackElo "2282"]
[Result "0-1"]
[Round "03"]
[TimeControl "180+2"]
[Date "2023.05.30"]
[WhiteClock "0:00:00"]
[BlackClock "0:01:20"]

1. e4 e5 2. Nf3 Nc6 3. Bb5 g6 4. O-O Bg7 5. c3 d6 6. d4 Bd7 7. dxe5 Nxe5 8. Bxd7+ Nxd7 9. Bf4 Ngf6 10. Nbd2 O-O 11. h3 Re8 12. Re1 Nc5 13. Qc2 a5 14. Rad1 Qd7 15. Bh2 Qb5 16. c4 Qd7 17. e5 dxe5 18. Nxe5 Qc8 19. Ndf3 h6 20. Re3 Ra6 21. Rde1 Rae6 22. b3 Nfd7 23. Qd2 Nxe5 24. Bxe5 Rd8 25. Qxa5 Nd3 26. Bxg7 Nxe1 27. Qxe1 Rxe3 28. Qxe3 Kxg7 29. Qe5+ Kg8 30. Kh2 Qd7 31. Qa5 b6 32. Qa7 Qd6+ 33. Kg1 Qf4 34. Qb7 Rd1+ 0-1


[Site "https://www.chess.com"]

[Event "Titled Tuesday Blitz May 30 Early 2023"]
[White "Papadiamandis, Elliot"]
[Black "ATM622"]
[WhiteFideId "36074160"]
[WhiteElo "2219"]
[BlackElo "2545"]
[Result "1/2-1/2"]
[Round "03"]
[TimeControl "180+2"]
[Date "2023.05.30"]
[WhiteClock "0:00:32"]
[BlackClock "0:01:35"]

1. e4 c6 2. d4 d5 3. Nd2 dxe4 4. Nxe4 Bf5 5. Ng3 Bg6 6. h4 h6 7. Nf3 Nd7 8. h5 Bh7 9. Bd3 Bxd3 10. Qxd3 Ngf6 11. Bd2 e6 12. O-O-O c5 13. Rhe1 Be7 14. Ne4 Nxe4 15. Qxe4 Qb6 16. Bc3 Nf6 17. Qd3 O-O-O 18. Qc4 Kb8 19. Ne5 Rhf8 20. g4 cxd4 21. Bxd4 Qa5 22. Qb3 Qb4 23. Qxb4 Bxb4 24. c3 Bd6 25. f3 Nd5 26. Nc4 Bf4+ 27. Kc2 b5 28. Na5 Kc7 29. Bxg7 Ne3+ 30. Rxe3 Bxe3 31. Bxf8 Rxf8 32. Nb3 Bb6 33. Nd2 f5 34. Re1 Kd6 35. Kd3 fxg4 36. fxg4 Rf4 37. Ne4+ Kd5 38. g5 hxg5 39. Nxg5 Rf5 40. Ne4 Bd8 41. h6 Rh5 42. Ke3 Rxh6 43. Rd1+ Ke5 44. Rxd8 Rh3+ 45. Ke2 Kxe4 46. Rd4+ Ke5 47. Rb4 a6 48. a4 bxa4 49. Rxa4 Rh2+ 50. Ke3 Rxb2 51. Rxa6 Rb1 52. Ra5+ Kf6 53. Kd4 Rd1+ 54. Ke3 e5 55. Ra8 Ke6 56. c4 Rd4 57. Rc8 Rd1 58. Re8+ Kf6 59. c5 Rc1 60. Rc8 Ke6 61. Ke4 Rc4+ 62. Kd3 Rd4+ 63. Kc3 Kd5 64. c6 Rc4+ 65. Kd3 e4+ 66. Ke3 Rc3+ 67. Ke2 Rxc6 68. Rxc6 Kxc6 69. Ke3 Kd5 70. Ke2 Kd4 71. Kd2 e3+ 72. Ke2 Ke4 73. Ke1 Kd3 74. Kd1 Kd4 75. Ke2 Ke4 76. Ke1 Kf3 77. Kf1 Kf4 78. Ke2 Ke4 1/2-1/2


[Site "https://www.chess.com"]

[Event "Titled Tuesday Blitz May 30 Early 2023"]
[White "Bryakin, Mikhail"]
[Black "Golubev, Mikhail"]
[WhiteFideId "4165314"]
[BlackFideId "14100983"]
[WhiteElo "2467"]
[BlackElo "2374"]
[Result "0-1"]
[Round "03"]
[TimeControl "180+2"]
[Date "2023.05.30"]
[WhiteClock "0:00:16"]
[BlackClock "0:00:08"]

1. e4 c5 2. Nc3 e6 3. g3 Nc6 4. Bg2 g6 5. Nge2 Bg7 6. O-O Nge7 7. d3 O-O 8. Be3 b6 9. Qd2 Nd4 10. Rac1 Nxe2+ 11. Qxe2 d5 12. exd5 Nxd5 13. Nxd5 exd5 14. c3 Bf5 15. d4 c4 16. Qd2 Qd7 17. Rfe1 Rfe8 18. Bh6 Bh8 19. Rxe8+ Rxe8 20. Re1 Rxe1+ 21. Qxe1 Qe6 22. Qxe6 fxe6 23. Bf4 Bf6 24. f3 b5 25. a3 h5 26. h4 Kf7 27. Kf2 Ke8 28. Ke3 Kd7 29. Bf1 Be7 30. Be2 a5 31. Bg5 Bd6 32. g4 Bb1 33. Bf4 Be7 34. Bg3 b4 35. axb4 axb4 36. Kd2 b3 37. Bf2 Bd6 38. Be3 Be7 39. Bf2 Bd6 40. Bd1 Bf4+ 41. Be3 Bg3 42. Bg5 Ke8 43. Ke3 Kf7 44. f4 hxg4 45. Bxg4 Be1 46. f5 Bxf5 47. Bxf5 gxf5 48. Ke2 Bxc3 49. Bc1 Bxd4 50. h5 Bf6 51. Kf3 Kg7 52. Kg3 Kh7 53. Kf3 Bg7 54. Ke2 Bh6 0-1


[Site "https://www.chess.com"]

[Event "Titled Tuesday Blitz May 30 Early 2023"]
[White "Janik, Igor"]
[Black "Staudenhocker43"]
[WhiteFideId "1159259"]
[WhiteElo "2484"]
[BlackElo "2531"]
[Result "1-0"]
[Round "03"]
[TimeControl "180+2"]
[Date "2023.05.30"]
[WhiteClock "0:00:38"]
[BlackClock "0:00:15"]

1. e4 c5 2. Nf3 d6 3. Bb5+ Nd7 4. O-O a6 5. Bd3 Ngf6 6. Re1 e6 7. a4 b6 8. c3 Bb7 9. Bc2 Be7 10. d4 O-O 11. Nbd2 cxd4 12. cxd4 b5 13. a5 Rc8 14. Bd3 e5 15. d5 Nc5 16. Bc2 Re8 17. b4 Ncd7 18. Nf1 Nf8 19. Bd3 Ng6 20. Ng3 Bf8 21. Be3 Nf4 22. Bf1 Rc3 23. Qd2 Qc7 24. Rac1 Rc8 25. Bb6 Rxc1 26. Bxc7 Rxe1 27. Nxe1 Rxc7 28. Nd3 Nxd3 29. Bxd3 Nd7 30. Ne2 g6 31. g3 h5 32. Qg5 Rc8 33. Qe3 Ra8 34. Nc3 Kh7 35. Nxb5 axb5 36. Bxb5 Nf6 37. Bc6 Bxc6 38. dxc6 d5 39. exd5 Nxd5 40. Qf3 Nxb4 41. Qxf7+ Bg7 42. c7 Na6 43. Qd7 Nxc7 44. Qxc7 e4 45. Qb6 h4 46. gxh4 Rc8 47. a6 Rc1+ 48. Kg2 Rd1 49. Qb7 e3 50. fxe3 Rd2+ 51. Kf3 1-0


[Site "https://www.chess.com"]

[Event "Titled Tuesday Blitz May 30 Early 2023"]
[White "Papasimakopoulos, Alexandros"]
[Black "Girsh, Daniel"]
[WhiteFideId "4244125"]
[BlackFideId "30949190"]
[WhiteElo "2359"]
[BlackElo "2075"]
[Result "0-1"]
[Round "03"]
[TimeControl "180+2"]
[Date "2023.05.30"]
[WhiteClock "0:00:59"]
[BlackClock "0:01:18"]

1. d4 Nf6 2. c4 e6 3. Nc3 d5 4. cxd5 exd5 5. Bg5 h6 6. Bh4 Bb4 7. Qa4+ Nc6 8. e3 O-O 9. Bxf6 Qxf6 10. Nf3 Bg4 11. Be2 Be6 12. O-O a6 13. Rfc1 Rfe8 14. a3 Bd6 15. b4 Ne7 16. Qd1 Ng6 17. g3 Rad8 18. Ne1 c6 19. Nd3 Bf5 20. Na4 Re7 21. Nac5 Rde8 22. Bg4 Qg5 23. Bxf5 Qxf5 24. a4 Qh3 25. Qf1 Qg4 26. Qd1 Qg5 27. b5 axb5 28. axb5 h5 29. bxc6 bxc6 30. Ra6 h4 31. Rxc6 hxg3 32. Rxd6 gxf2+ 33. Kh1 Nh4 34. Qf1 Qxe3 35. Qxf2 Qxf2 36. Nxf2 Re1+ 0-1


[Site "https://www.chess.com"]

[Event "Titled Tuesday Blitz May 30 Early 2023"]
[White "Yuan, Qingyu"]
[Black "Heinemann, Josefine"]
[WhiteFideId "8609772"]
[BlackFideId "12900460"]
[WhiteElo "2359"]
[BlackElo "2342"]
[Result "1-0"]
[Round "03"]
[TimeControl "180+2"]
[Date "2023.05.30"]
[WhiteClock "0:01:10"]
[BlackClock "0:00:24"]

1. e4 c5 2. Nf3 d6 3. Bb5+ Bd7 4. Bxd7+ Nxd7 5. O-O g6 6. c3 Ngf6 7. Qe2 Bg7 8. d4 cxd4 9. cxd4 O-O 10. Nc3 Rc8 11. e5 dxe5 12. dxe5 Ne8 13. Rd1 Nc7 14. Bf4 Qe8 15. h4 Ne6 16. Bg3 h5 17. Rd2 Nb6 18. Rad1 Qc6 19. Ne4 Rfd8 20. Nfg5 Rxd2 21. Qxd2 Rd8 22. Qe1 Rxd1 23. Qxd1 Nxg5 24. Qd8+ Bf8 25. Nxg5 Qd5 26. Qe8 Nc4 27. e6 1-0


[Site "https://www.chess.com"]

[Event "Titled Tuesday Blitz May 30 Early 2023"]
[White "Gil Alba, Hector Luis"]
[Black "Schmakel, Sam"]
[WhiteFideId "3504670"]
[BlackFideId "2039311"]
[WhiteElo "2331"]
[BlackElo "2356"]
[Result "1/2-1/2"]
[Round "03"]
[TimeControl "180+2"]
[Date "2023.05.30"]
[WhiteClock "0:00:26"]
[BlackClock "0:00:19"]

1. e4 g6 2. d4 Bg7 3. Nc3 d6 4. f4 Nf6 5. Nf3 c5 6. dxc5 Qa5 7. Bd3 Qxc5 8. Qe2 O-O 9. Be3 Qc7 10. O-O Nc6 11. a3 Bg4 12. h3 Bxf3 13. Qxf3 a6 14. Rae1 b5 15. Kh1 b4 16. axb4 Nxb4 17. Bc1 Nd7 18. Qe2 Nc5 19. Bc4 a5 20. Nd5 Nxd5 21. Bxd5 Rab8 22. c3 a4 23. f5 a3 24. bxa3 Na4 25. c4 Nc5 26. Qg4 Nd3 27. fxg6 hxg6 28. Rxf7 Rxf7 29. Bxf7+ Kxf7 30. Qf3+ Bf6 31. Qxd3 Rc8 32. Qd5+ e6 33. Qd1 Ke7 34. Rf1 Qxc4 35. Qf3 Rf8 36. Bg5 Qxf1+ 37. Qxf1 Bxg5 38. Qa6 Be3 39. g4 Bd4 40. a4 Rb8 41. g5 Rb1+ 42. Kg2 Rg1+ 43. Kf3 Rxg5 44. a5 Rg1 45. Qb7+ Kf6 46. a6 Ra1 47. Qb4 Ke5 48. Qb5+ Bc5 49. Qb2+ Bd4 50. Qb5+ Bc5 51. Qb2+ Bd4 52. Qb5+ 1/2-1/2


[Site "https://www.chess.com"]

[Event "Titled Tuesday Blitz May 30 Early 2023"]
[White "Mogirzan, Matei-Valeriu"]
[Black "Boyer, Mahel"]
[WhiteFideId "1257455"]
[BlackFideId "45102422"]
[WhiteElo "1733"]
[BlackElo "2439"]
[Result "0-1"]
[Round "03"]
[TimeControl "180+2"]
[Date "2023.05.30"]
[WhiteClock "0:00:01"]
[BlackClock "0:01:17"]

1. e4 Nc6 2. Nf3 d5 3. exd5 Qxd5 4. Nc3 Qh5 5. Be2 Bg4 6. Ne4 O-O-O 7. Ng3 Qd5 8. h3 Bxf3 9. Bxf3 Qe6+ 10. Qe2 Qxe2+ 11. Nxe2 Ne5 12. Ng1 Nxf3+ 13. Nxf3 e5 14. O-O f6 15. d3 Ne7 16. Nd2 Nf5 17. Ne4 Nd4 18. f4 Nxc2 19. Rb1 exf4 20. Bxf4 c6 21. Rfd1 Nb4 22. Bg3 Rxd3 23. Rxd3 Nxd3 24. Nd6+ Bxd6 25. Bxd6 Re8 26. Kf1 c5 27. b3 Kd7 28. Rd1 Kxd6 29. Rxd3+ Kc6 30. Kf2 b5 31. Rg3 g6 32. Rf3 Re6 33. g4 c4 34. Rc3 Kc5 35. a3 Kd4 36. Rf3 c3 37. h4 c2 0-1


[Site "https://www.chess.com"]

[Event "Titled Tuesday Blitz May 30 Early 2023"]
[White "Dimitrov, Atanas"]
[Black "Uzcategui Rodriguez, Alejandro"]
[WhiteFideId "2901315"]
[BlackFideId "3903400"]
[WhiteElo "2715"]
[BlackElo "2252"]
[Result "0-1"]
[Round "03"]
[TimeControl "180+2"]
[Date "2023.05.30"]
[WhiteClock "0:00:13"]
[BlackClock "0:00:55"]

1. e4 d6 2. Nc3 Nf6 3. Nf3 e5 4. Bc4 Be7 5. d3 O-O 6. O-O c6 7. h3 Nbd7 8. a4 b6 9. Nh2 Nc5 10. b4 Ne6 11. b5 d5 12. Ba2 Bb7 13. bxc6 Bxc6 14. exd5 Nxd5 15. Nxd5 Bxd5 16. Bb2 Bxa2 17. Rxa2 Qd5 18. c4 Qd6 19. Nf3 f6 20. Ba3 Qd7 21. Bxe7 Qxe7 22. d4 exd4 23. Rd2 Rad8 24. Re1 Qd7 25. Re4 d3 26. Ne1 Nc5 27. Re3 Rfe8 28. Rxe8+ Rxe8 29. a5 bxa5 30. Qa1 Nb3 0-1


[Site "https://www.chess.com"]